 Dungeon Sprint DCSS version 0.16.2-12-gd0ad4c3 (webtiles) character file.

42 Ponchio the Prestidigitator (level 3, -1/19 HPs)
             Began as a Deep Elf Fire Elementalist on Sept 22, 2015.
             Was an Initiate of Vehumet.
             Slain by a green ugly thing (15 damage)
             ... in the Dungeon (Sprint V: "Ziggurat Sprint").
             The game lasted 00:03:59 (128 turns).

Ponchio the Prestidigitator (DEFE)                   Turns: 128, Time: 00:03:59

Health: -1/19      AC:  2    Str:  5    XL:     3   Next: 33%
Magic:  20/20      EV: 13    Int: 38    God:    Vehumet [......]
Gold:   0          SH:  0    Dex: 15    Spells: 1 memorised, 11 levels left

rFire  . . .     SeeInvis .     J - +6 Majin-Bo {vamp, Archmagi MP+6 Int+6}
rCold  . . .     Clarity  .     a - +0 robe
rNeg   . . .     SustAb   .     (no shield)
rPois  .         Gourm    .     (no helmet)
rElec  .         Spirit   .     (no cloak)
rCorr  .         Warding  .     (no gloves)
rMut   .         NoTele   +     (no boots)
MR     .....                    (no amulet)
Stlth  ++........               C - +6 ring of intelligence
                                B - +6 ring of intelligence

@: lethally poisoned (-1 -> -29), not resistant to hostile enchantments,
unstealthy
A: no striking features
a: Renounce Religion


You were in the Dungeon.
You worshipped Vehumet.
Vehumet was noncommittal.
You were not hungry.

You visited 1 branch

Inventory:

Hand weapons
 J - the +6 Majin-Bo (weapon) {vamp, Archmagi MP+6 Int+6}
   (You found it in the Dungeon)

   It inflicts no extra harm, but heals its wielder somewhat when it strikes a
   living foe.
   It affects your intelligence (+6).
   It affects your magic capacity (+6).
Armour
 a - a +0 robe (worn)
Jewellery
 y - a +6 ring of dexterity
 A - a +6 ring of dexterity
 B - a +6 ring of intelligence (left hand)
 C - a +6 ring of intelligence (right hand)
 D - a +6 ring of strength
 E - a +6 ring of strength
Magical devices
 F - a wand of disintegration (5)
 G - a wand of fire (3)
 H - a wand of cold (5)
 I - a wand of draining (4)
Scrolls
 i - 4 scrolls of blinking
 q - 4 scrolls of amnesia
 r - 3 scrolls of recharging
 s - 8 scrolls of fog
 t - a scroll of holy word
 u - 5 scrolls of identify
 v - 5 scrolls of remove curse
 w - 2 scrolls of fear
Potions
 d - 10 potions of curing
 e - 8 potions of heal wounds
 f - 6 potions of haste
 g - 7 potions of magic
 h - 3 potions of berserk rage
 j - 2 potions of brilliance
 k - 2 potions of invisibility
 l - 2 potions of restore abilities
 m - 4 potions of resistance
 o - 5 potions of agility
 p - 5 potions of might
Books
 b - a book of Flames

   Spells                             Type                      Level
   a - Flame Tongue                   Conjuration/Fire             1
   b - Throw Flame                    Conjuration/Fire             2
   c - Conjure Flame                  Conjuration/Fire             3
   d - Inner Flame                    Hexes/Fire                   3
   e - Sticky Flame                   Conjuration/Fire             4
   f - Fireball                       Conjuration/Fire             5
Comestibles
 c - 5 bread rations
 x - 40 fruits
 z - 4 meat rations


   Skills:
 - Level 2.4 Dodging
 - Level 2.4 Stealth
 + Level 5.0 Spellcasting
 + Level 3.4 Conjurations
 - Level 3.2 Fire Magic
 - Level 8.8 Evocations


You had 11 spell levels left.
You knew the following spells:

 Your Spells              Type           Power        Failure   Level  Hunger
a - Flame Tongue          Conj/Fire      #####        1%          1    None


Dungeon Overview and Level Annotations

Branches:
Dungeon (1/1)

Altars:
Ashenzari
Cheibriados
Dithmenos
Elyvilon
Fedhas
Gozag
Kikubaaqudgha
Makhleb
Nemelex Xobeh
Okawaru
Qazlal
Ru
Sif Muna
Trog
Vehumet
Xom
Yredelemnul
Zin
The Shining One
Beogh
Jiyva
Lugonu


Message History

The green ugly thing is severely wounded.
The bolt of negative energy hits the worm.
The worm is drained!
The worm is almost dead.
This wand has 4 charges left.
The green ugly thing headbutts you!
Ouch! That really hurt!
* * * LOW HITPOINT WARNING * * *
You are lethally poisoned!
The green ugly thing poisons you!
Drink which item? (? for menu, Esc to quit)
You feel much better.
You feel very sick. The green ugly thing headbutts you!
Ouch! That really hurt!
* * * LOW HITPOINT WARNING * * *
The green ugly thing completely misses you.
Drink which item? (? for menu, Esc to quit)
You feel much better.
You feel sick. The green ugly thing headbutts you!
Ouch! That really hurt!
You die...

▓▓▓▓▓▓▓▓▓▓▓▓▓
▓.8©8.▓.8©8.▓
▓.))|.▓.....▓
▓.....▓...).▓
▓.....▓.....▓
▓..w..▓.....▓
▓..uu.▓.....▓
▓..@..▓▓▓▓▓▓▓
▓▓▓▓▓▓▓


You could see 2 ugly things and a worm.

Vanquished Creatures
  An iron imp (D)
  A shadow imp (D)
2 creatures vanquished.

Vanquished Creatures (others)
  A spatial maelstrom (D)
1 creature vanquished.

Grand Total: 3 creatures vanquished

Notes
Turn   | Place    | Note
--------------------------------------------------------------
     0 | D        | Ponchio, the Deep Elf Fire Elementalist, began the quest for the Orb.
     0 | D        | Reached XP level 1. HP: 10/10 MP: 5/5
     0 | D        | Found a viscous altar of Jiyva.
     0 | D        | Found a corrupted altar of Lugonu.
     0 | D        | Found a white marble altar of Elyvilon.
     1 | D        | Found a burning altar of Makhleb.
     1 | D        | Found an iron altar of Okawaru.
     3 | D        | Found a sparkling altar of Nemelex Xobeh.
     3 | D        | Found a basalt altar of Yredelemnul.
     3 | D        | Found a deep blue altar of Sif Muna.
     3 | D        | Found a radiant altar of Vehumet.
     7 | D        | Found a bloodstained altar of Trog.
     8 | D        | Banished a spatial maelstrom
    22 | D        | Found a shimmering altar of Xom.
    30 | D        | Became a worshipper of Vehumet
    38 | D        | Reached skill level 8 in Evocations
    38 | D        | Reached XP level 2. HP: 15/15 MP: 6/8
    98 | D        | Entered arena 1.
    98 | D        | Noticed an iron imp
    99 | D        | Killed an iron imp
    99 | D        | Reached XP level 3. HP: 19/19 MP: 13/13
   100 | D        | Reached skill level 5 in Spellcasting
   123 | D        | Entered arena 2.
   123 | D        | Noticed a green ugly thing
   123 | D        | Noticed a green ugly thing
   128 | D        | Slain by a green ugly thing

Action                   || total
-------------------------++-------
Evoke: Wand              ||     5
  Use: Potion            ||     3
  Eat: Fruit             ||     2
